 Dungeon Crawl Stone Soup version 0.26-a0-694-g74916bafe0 (webtiles) character file.

Game seed: 15466936255211092527

1624 Conn the Conjurer (level 8, 31/31 HPs)
             Began as a Felid Conjurer on Oct 25, 2020.
             Was an Elder of Sif Muna.
             Quit the game on level 9 of the Dungeon.
             The game lasted 00:27:43 (10142 turns).

Conn the Conjurer (Felid Conjurer)                 Turns: 10142, Time: 00:27:44

Health: 31/31      AC:  2    Str:  3    XL:     8   Next: 65%
Magic:  19/19      EV: 20    Int: 22    God:    Sif Muna [****..]
Gold:   82         SH:  0    Dex: 15    Spells: 6/21 levels left
                                        Lives:  0   Deaths: 2

rFire    . . .     SeeInvis +     - Unarmed
rCold    + . .     Faith    .   (shield unavailable)
rNeg     . . .     Spirit   .   (armour unavailable)
rPois    .         Reflect  .   (helmet unavailable)
rElec    .         Harm     .   (cloak unavailable)
rCorr    .         Rampage  .   (gloves unavailable)
MR       +....                  (boots unavailable)
Stlth    ++++......             (no amulet)
HPRegen  0.10/turn              s - ring of protection from cold
MPRegen  0.16/turn              (no ring)

@: quick
A: very small, no armour, no weapons or thrown items, stealth, claws 1, fangs 3,
see invisible, speed 1, shaggy fur 2, sharp paws
a: Channel Magic, Forget Spell, Divine Exegesis, Renounce Religion


You were on level 9 of the Dungeon.
You worshipped Sif Muna.
Sif Muna was greatly pleased with you.
You visited 1 branch of the dungeon, and saw 9 of its levels.

You collected 445 gold pieces.
You spent 363 gold pieces at shops.

Inventory:

Jewellery
 f - an uncursed ring of ice
 s - a ring of protection from cold (left paw)
Wands
 m - a wand of acid (10)
 w - a wand of iceblast (7)
Scrolls
 b - 3 scrolls of fear {unknown}
 c - 5 scrolls of remove curse
 e - 6 scrolls of identify {unknown}
 g - 5 scrolls of amnesia {unknown}
 h - 5 scrolls of teleportation {unknown}
 i - a scroll of noise {unknown}
 l - a scroll of immolation {unknown}
 p - a scroll of random uselessness {unknown}
 r - a scroll of blinking {unknown}
 u - a scroll of fog {unknown}
 v - a scroll of enchant armour {unknown}
Potions
 a - 3 potions of heal wounds
 d - 4 potions of curing
 j - 3 potions of stabbing
 k - 2 potions of brilliance
 n - a potion of mutation {unknown}
 o - 2 potions of ambrosia
 q - a potion of lignification


   Skills:
 + Level 0.9 Fighting
 * Level 5.4 Dodging
 + Level 7.2 Stealth
 + Level 2.5 Unarmed Combat
 * Level 7.2 Spellcasting
 * Level 7.8 Conjurations
 * Level 4.1 Hexes
 * Level 4.5 Translocations
 * Level 3.0 Transmutations
 * Level 2.4 Earth Magic
 * Level 4.1 Invocations


You had 6 spell levels left.
You knew the following spells:

 Your Spells              Type           Power        Failure   Level
a - Magic Dart            Conj           ####         1%          1
b - Searing Ray           Conj           #####.       1%          2
c - Fulminant Prism       Conj/Hex       ####......   7%          4
d - Iskenderun's Mystic   Conj/Tloc      #####...     6%          4
e - Petrify               Tmut/Erth      ###.....     26%         4

Your spell library contained the following spells:

 Spells                   Type           Power        Failure   Level
 Dazzling Flash           Conj/Hex       ####..       1%          3
 Gell's Gravitas          Tloc           ####......   3%          3
 Confusing Touch          Hex            ####....     4%          3
 Yara's Violent Unravell  Hex/Tmut       ###.......   45%         5
 Metabolic Englaciation   Hex/Ice        ###.......   67%         5


Dungeon Overview and Level Annotations

Branches:
Dungeon (9/15)             Temple (0/1) D:7
   Lair: D:8-11         Orc: D:9-12

Altars:
Cheibriados
Fedhas
Hepliaklqana
Kikubaaqudgha
Makhleb
Okawaru
Qazlal
Ru
Sif Muna
Trog
Vehumet
Wu Jian
Yredelemnul
The Shining One

Shops:
D:7 }

Annotations:
D:8 3 runed translucent doors, Execuda's ghost, novice TrFi


Innate Abilities, Weirdness & Mutations

You cannot wear armour.
You are incapable of wielding weapons or throwing items.
Your paws allow you to move quietly. (Stealth)
You have sharp claws.
You have razor-sharp teeth.
You have supernaturally acute eyesight. (SInv)
You cover ground quickly.
You are covered in thick fur. (AC +2)
Your sharp claws are effective at attacking unaware monsters.


Message History

* * * LOW HITPOINT WARNING * * *
The searing ray hits the wyvern!
The wyvern is severely wounded.
The searing ray hits the yak!
The yak is severely wounded.
The wyvern bites you but does no damage.
The adder bites you.
* * * LOW HITPOINT WARNING * * *
The searing ray hits the wyvern!
The wyvern is almost dead.
The searing ray hits the yak!
The yak is almost dead.
You feel less invigorated. The wyvern bites you!
You die...
Your shape twists and changes as you die.
The adder bites you but does no damage. The wyvern completely misses you.
You are now level 8!
You feel less wooden.
You rejoin the land of the living...
Are you sure you want to abandon this character and quit the game? (Confirm with "yes".)

..# ##
#...#.####..#
#...@....#
#...#.####.#
..# ##


There were no monsters in sight!

Vanquished Creatures
  2 two-headed ogres
  Maggie (D:8)
  2 water moccasins (D:9)
  2 orc warriors (D:8)
  3 sky beasts
  2 ogres
  A phantom (D:6)
  5 bullfrogs
  3 scorpions
  2 water moccasin skeletons
  6 killer bees (D:8)
  4 wights (D:7)
  A crimson imp (D:6)
  2 bullfrog zombies (D:7)
  An orc priest (D:8)
  A hound (D:8)
  A centaur skeleton (D:8)
  An iguana (D:4)
  7 orc wizards
  Ijyb (D:3)
  4 worker ants
  A hound skeleton (D:4)
  A howler monkey skeleton (D:5)
  A gnoll (D:6)
  7 adders
  2 white imps
  3 ufetubi
  An ooze (D:1)
  5 worms
  4 dart slugs
  8 leopard geckos
  18 orcs
  4 giant cockroaches
  2 gnoll zombies (D:2)
  8 hobgoblins
  13 jackals
  5 quokkas
  3 ball pythons
  2 bats
  6 frilled lizards
  9 goblins
  2 goblin skeletons (D:6)
  3 goblin zombies (D:6)
  2 hobgoblin zombies (D:6)
  9 kobolds
  A kobold skeleton (D:6)
  2 kobold zombies (D:6)
  2 leopard gecko skeletons
  An orc skeleton (D:6)
  4 orc zombies (D:6)
  7 rats
188 creatures vanquished.

Vanquished Creatures (others)
  A fulminant prism (D:8)
  A fungus (D:9)
  4 plants (D:9)
6 creatures vanquished.

Grand Total: 194 creatures vanquished

Notes
Turn   | Place    | Note
-------+----------+-------------------------------------------
     0 | D:1      | Conn the Felid Conjurer began the quest for the Orb.
     0 | D:1      | Reached XP level 1. HP: 7/7 MP: 4/4
   239 | D:1      | Reached XP level 2. HP: 11/11 MP: 4/6
   243 | D:1      | Learned a level 2 spell: Searing Ray
  1258 | D:2      | Noticed a sky beast
  1468 | D:2      | Reached XP level 3. HP: 14/14 MP: 4/7
  1620 | D:2      | Found a shimmering blue altar of Sif Muna.
  1628 | D:2      | Became a worshipper of Sif Muna the Loreminder
  1795 | D:2      | Killed a sky beast
  1795 | D:2      | Reached XP level 4. HP: 18/18 MP: 0/9
  2057 | D:2      | Reached XP level 5. HP: 21/21 MP: 6/10
  2062 | D:2      | Reached skill level 5 in Conjurations
  3081 | D:2      | Found a basalt altar of Yredelemnul.
  3556 | D:3      | Noticed Ijyb
  3564 | D:3      | Killed Ijyb
  3571 | D:3      | Reached * piety under Sif Muna
  3678 | D:3      | Found a snail-covered altar of Cheibriados.
  3678 | D:3      | Found a faded altar of an unknown god.
  3686 | D:3      | Found a faded altar of an unknown god.
  3688 | D:3      | Found an ancient bone altar of Kikubaaqudgha.
  3690 | D:3      | Found a bloodstained altar of Trog.
  3713 | D:3      | Gained mutation: You are covered in thick fur. (AC +2)
                  | [Felid growth]
  3713 | D:3      | Reached XP level 6. HP: 24/24 MP: 9/12
  4321 | D:4      | Reached skill level 1 in Invocations
  4579 | D:4      | Found a blossoming altar of Fedhas.
  4614 | D:4      | Found an ornate altar of the Wu Jian Council.
  4963 | D:5      | Entered Level 5 of the Dungeon
  5101 | D:5      | Reached ** piety under Sif Muna
  5101 | D:5      | Reached skill level 5 in Stealth
  5101 | D:5      | Reached skill level 1 in Unarmed Combat
  5417 | D:5      | Found a hazy altar of Hepliaklqana.
  5433 | D:5      | Reached XP level 7. HP: 27/27 MP: 8/14
  5492 | D:5      | Found a hazy altar of Hepliaklqana.
  6122 | D:6      | Reached skill level 5 in Spellcasting
  6322 | D:6      | Reached XP level 8. HP: 31/31 MP: 11/16
  6383 | D:6      | Found a sacrificial altar of Ru.
  6587 | D:6      | Found a glowing golden altar of the Shining One.
  6624 | D:6      | Learned a level 4 spell: Fulminant Prism
  6629 | D:6      | Learned a level 4 spell: Iskenderun's Mystic Blast
  6634 | D:6      | Learned a level 4 spell: Petrify
  6871 | D:6      | Found an iron altar of Okawaru.
  6878 | D:6      | Reached *** piety under Sif Muna
  7135 | D:7      | Reached skill level 1 in Translocations
  7425 | D:7      | Found a staircase to the Ecumenical Temple.
  7646 | D:7      | Found a burning altar of Makhleb.
  7660 | D:7      | Reached skill level 1 in Hexes
  7664 | D:7      | Noticed a two-headed ogre
  7724 | D:7      | Killed a two-headed ogre
  7724 | D:7      | Reached skill level 1 in Transmutations
  7724 | D:7      | Reached skill level 1 in Earth Magic
  7724 | D:7      | Reached XP level 9. HP: 34/34 MP: 8/18
  7936 | D:7      | Found Teimuf's Gadget Shoppe.
  7940 | D:7      | Bought a wand of acid (7) for 242 gold pieces
  7940 | D:7      | Bought a wand of iceblast (7) for 121 gold pieces
  8118 | D:7      | Found a stormy altar of Qazlal.
  8371 | D:8      | Noticed Maggie
  8383 | D:8      | Killed from afar by Maggie
  8384 | D:8      | Reached XP level 8. HP: 0/31 MP: 2/18
  8393 | D:8      | Killed Maggie
  9240 | D:8      | Reached **** piety under Sif Muna
  9240 | D:8      | Reached XP level 9. HP: 24/34 MP: 8/19
  9482 | D:8      | Found a runed translucent gate.
  9482 | D:8      | Found a runed translucent gate.
  9482 | D:8      | Found a runed translucent gate.
  9482 | D:8      | Noticed Execuda's ghost (novice TrFi)
  9536 | D:8      | Lost strength.
  9560 | D:8      | Noticed a two-headed ogre
  9580 | D:8      | Killed a two-headed ogre
 10106 | D:9      | Found a radiant altar of Vehumet.
 10132 | D:9      | Reached skill level 5 in Dodging
 10141 | D:9      | Slain by a wyvern
 10142 | D:9      | Reached XP level 8. HP: -4/46 MP: 10/19
 10142 | D:9      | Quit the game

Illustrated notes

Levels and vault maps discovered:
D:1:      nagdon_arrival_zigzag_paths, layout_basic
D:2:      layout_basic, overflow_temple_1_default,
          lemuel_zombie_altar_yredelemnul, kennysheep_cross_bottleneck
D:3:      layout_rooms, chequers_temple_overflow_minitemple, uniq_ijyb
D:4:      layout_basic, fedhas_ov_isle_minmay, old_standard_altar
D:5:      layout_cave_pools, nicolae_overflow_hidden_temple, basic_altar
D:6:      layout_loops_ring, nicolae_ru_great_annihilating_truth,
          nicolae_tso_besieged_by_evil, okawaru_altar_gauntlet_db
D:7:      layout_loops_cross, lemuel_doored_altar, grunt_qazlal_clouds,
          minmay_temple_entry_sparse_star, serial_shops,
          nicolae_shop_behind_doors
D:8:      layout_cave_pools, gammafunk_ghost_spectres, palyth_stone_intersect,
          uniq_maggie
D:9:      minmay_spotlight, layout_cave_pools,
          grunt_temple_overflow_order_and_chaos_1, minmay_lair_entry_grove,
          basic_altar, lemuel_hellish_altar

Skill      XL: |  1  2  3  4  5  6  7  8  9 |
---------------+----------------------------+-----
Conjurations   | 4 5 6 7 |  7.8
Stealth        | 3 4 5 6 7 |  7.2
Spellcasting   | 3 4 5 7 |  7.2
Dodging        | 3 4 5 |  5.4
Invocations    | 1 2 3 4 |  4.1
Unarmed Combat | 1 2 |  2.5
Translocations | 3 4 |  4.5
Hexes          | 3 4 |  4.1
Transmutations | 2 3 |  3.0
Earth Magic    | 2 |  2.4
Fighting       | |  0.9

Action                   |  1- 3 |  4- 6 |  7- 9 || total
-------------------------+-------+-------+-------++-------
Melee: Unarmed           |    12 |    37 |    28 ||    77
       Bite              |     2 |     2 |     1 ||     5
 Cast: Magic Dart        |    51 |   125 |   135 ||   311
       Searing Ray       |     4 |     8 |    55 ||    67
       Iskenderun's Myst |       |       |    10 ||    10
       Fulminant Prism   |       |       |     1 ||     1
       Petrify           |       |       |     1 ||     1
Invok: Channel Magic     |       |     1 |     2 ||     3
  Use: Potion            |       |     4 |     7 ||    11
       Scroll            |       |     2 |       ||     2
 Stab: Sleeping          |     4 |    16 |     8 ||    28
       Paralysed         |       |       |     1 ||     1
Armor: Skin              |       |     3 |    21 ||    24
Dodge: Dodged            |    14 |    41 |   101 ||   156

Table legend: (Time is in decaauts)
 A = Elapsed time spent in this place.
 B = Non-inter-level travel time spent in this place.
 C = Inter-level travel time spent in this place.
 D = Time resting spent in this place.
 E = Time spent auto-exploring this place.
 F = Levels seen in this place.
 G = Mean time per level.
                   A        B        C        D        E       F      G
               +--------+--------+--------+--------+--------+-----+--------+
         Total |   9142 |   8945 |    197 |   2233 |   4509 |   9 | 1015.8 |
       Dungeon |   9142 |   8945 |    197 |   2233 |   4509 |   9 | 1015.8 |
               +--------+--------+--------+--------+--------+-----+--------+

Top non-repeatable levels by time:
     D:2: 1701 daAuts
     D:7: 1672 daAuts
     D:6: 1265 daAuts
     D:1: 1253 daAuts
     D:8: 1096 daAuts
     D:4: 795 daAuts
     D:3: 687 daAuts
     D:5: 602 daAuts
     D:9: 67 daAuts
